 Dungeon Crawl Stone Soup version 0.28-a0-247-gb8bfbab023 (webtiles) character file.

Game seed: 5306175635466686747

46 bande the Covered (level 3, 0/23 HPs)
             Began as a Gargoyle Fighter on Aug 26, 2021.
             Slain by a worm (7 damage)
             ... on level 2 of the Dungeon.
             The game lasted 00:02:59 (1328 turns).

bande the Covered (Gargoyle Fighter)                Turns: 1328, Time: 00:03:00

Health: 0/23       AC: 16    Str: 19    XL:     3   Next: 66%
Magic:  3/3        EV:  3    Int:  8    God:
Gold:   52         SH:  8    Dex: 10    Spells: 2/2 levels left

rFire   . . .      SeeInvis .   a - +0 war axe
rCold   . . .      Faith    .   c - +0 kite shield
rNeg    + . .      Spirit   .   g - +0 plate armour
rPois   ∞          Reflect  .   (no helmet)
rElec   +          Harm     .   (no cloak)
rCorr   .          Rampage  .   (no gloves)
Will    +....                   e - +0 pair of boots
Stlth   ..........              (no amulet)
HPRegen 0.07/turn               f - ring of willpower
MPRegen 0.08/turn               (no ring)

@: no status effects
A: sickness immunity, AC +3, negative energy resistance 1, electricity
resistance, torment resistance 1, petrification resistance
a: no special abilities


You were on level 2 of the Dungeon.
You visited 1 branch of the dungeon, and saw 2 of its levels.

You collected 52 gold pieces.

Inventory:

Hand Weapons
 a - a +0 war axe (weapon)
Armour
 c - a +0 kite shield (worn)
 e - a +0 pair of boots (worn)
 g - a +0 plate armour (worn)
Jewellery
 f - a ring of willpower (left hand)
Potions
 b - a potion of curing {unknown}
 d - 2 potions of might


   Skills:
 + Level 3.6 Fighting
 + Level 2.3 Axes
 + Level 4.0 Armour
 + Level 3.7 Shields


You had 2 spell levels left.
You didn't know any spells.
Your spell library contained the following spells:

 Spells                   Type           Power      Damage    Failure   Level
 Sandblast                Erth           0%         2d4       100%        1
 Passwall                 Tmut/Erth      0%         N/A       100%        2
 Ignite Poison            Fire/Tmut/Pois 0%         N/A       100%        3
 Mephitic Cloud           Conj/Pois/Air  0%         N/A       100%        3
 Bolt of Magma            Conj/Fire/Erth 0%         4d4       100%        5
 Lee's Rapid Deconstruct  Erth           0%         3d5*      100%        5


Dungeon Overview and Level Annotations

Branches:
Dungeon (2/15)

Altars:

Shops:
D:1 (


Innate Abilities, Weirdness & Mutations

You are immune to sickness and miasma.
Your stone body is resilient. (AC +3)
You are immune to poison.
You resist negative energy. (rN+)
You are resistant to electric shocks. (rElec)
You are resistant to unholy torment.
You are immune to petrification.


Message History

a rat corpse; an adder corpse
There is an escape hatch in the floor here.
There is an escape hatch in the floor here.
A rat comes into view.
The rat barely misses you.
You completely miss the rat. The rat bites you but does no damage.
The rat barely misses you.
You closely miss the rat. You block the rat's attack.
You closely miss the rat. You block the rat's attack.
The rat bites you but does no damage.
You barely miss the rat. The rat bites you but does no damage.
You slash the rat!
You kill the rat!
No target in view!
Found a stone staircase leading down.
A worm comes into view.
You hit the worm.
The worm is lightly wounded.
The worm bites you.
You barely miss the worm.
The worm is lightly wounded.
You block the worm's attack.
Your shield and plate armour prevent you from hitting the worm.
The worm bites you but does no damage.
You completely miss the worm. The worm bites you.
You hit the worm but do no damage. The worm barely misses you.
You hit the worm but do no damage. The worm bites you!
You are too injured to fight recklessly!
You are too injured to fight recklessly!
You are too injured to fight recklessly!
You slash the worm!
The worm is severely wounded.
The worm bites you but does no damage.
Your shield and plate armour prevent you from hitting the worm.
The worm is severely wounded.
You block the worm's attack.
Your shield and plate armour prevent you from hitting the worm.
The worm is heavily wounded.
The worm bites you!
You die...

#......# #.........#
#.####.# #.######..#
#.# #.# #.# #..# #.#
##.###.######..# #.#
#..........##..# #.#
#..###.###.##..## #.#
#..# #..........#
#.###..#######.#.....#
#....@w..# #.##.>...
########.# #......##
#####.## .# +#


You could see a worm.

Vanquished Creatures
  An adder (D:2)
  3 dart slugs (D:1)
  3 ball pythons (D:1)
  3 endoplasms (D:1)
  2 giant cockroaches (D:1)
  2 goblins (D:1)
  A hobgoblin (D:1)
  4 jackals (D:1)
  A kobold (D:2)
  A quokka (D:1)
  A bat (D:1)
  2 frilled lizards
  5 rats
29 creatures vanquished.

Notes
Turn   | Place    | Note
-------+----------+-------------------------------------------
     0 | D:1      | bande the Gargoyle Fighter began the quest for the Orb.
     0 | D:1      | Reached XP level 1. HP: 14/14 MP: 1/1
    77 | D:1      | Reached XP level 2. HP: 12/19 MP: 2/2
   564 | D:1      | Found a faded altar of an unknown god.
   568 | D:1      | Reached XP level 3. HP: 23/23 MP: 3/3
   834 | D:1      | Found Adois's Antique Weapon Boutique.
  1234 | D:2      | Reached skill level 4 in Armour
  1328 | D:2      | Slain by a worm

Illustrated notes

Levels and vault maps discovered:
D:1:      wheals_arrival_linesprint, layout_loops_ring,
          hellmonk_ecumenical_altar_slurped_away, serial_shops,
          nicolae_shop_crystal
D:2:      layout_loops_corners, uniq_jessica

Skill      XL: |  1  2  3 |
---------------+----------+-----
Axes           | 2 |  2.3
Armour         | 4 |  4.0
Fighting       | |  3.6
Shields        | |  3.7

Action                   || total
-------------------------++-------
Melee: War axe           ||   105
  Use: Scroll            ||     1
       Potion            ||     1
Armor: Scale mail        ||    67
       Plate armour      ||    23
Dodge: Dodged            ||    54
Block: Kite shield       ||    57

Table legend: (Time is in decaauts)
 A = Elapsed time spent in this place.
 B = Non-inter-level travel time spent in this place.
 C = Inter-level travel time spent in this place.
 D = Time resting spent in this place.
 E = Time spent auto-exploring this place.
 F = Levels seen in this place.
 G = Mean time per level.
                   A        B        C        D        E       F      G
               +--------+--------+--------+--------+--------+-----+--------+
         Total |   1393 |   1332 |     61 |    125 |    905 |   2 |  696.5 |
       Dungeon |   1393 |   1332 |     61 |    125 |    905 |   2 |  696.5 |
               +--------+--------+--------+--------+--------+-----+--------+

Top non-repeatable levels by time:
     D:1: 1129 daAuts
     D:2: 264 daAuts
